AoeStats
← Мордочка в кефире

Pilgrims

509456341Analyzed
4v4 RM · 6d ago on Sep 26, 2026· 32m 59s· 8 players
Game mode
Random Map
Map size
Large (8 player)
Population
200
Speed
Normal
Resources
Standard
Victory
Conquest
Starting age
Dark Age
Ending age
Imperial Age
RankedLock teamsTeams togetherTeam positionsShared explorationLock speedFull tech treeHidden civsTurbo modeCheats
Victory
Defeat
🇩🇪 Italians · Germany
1270
+13
🇬🇧 Bengalis · United Kingdom
1262
+14
🇩🇪 Italians · Germany
1252
+14
1223
+15
🇩🇪 Tatars · Germany
1273
-17
🇧🇷 Persians · Brazil
1241
-15
🇫🇷 Saxons · France
1161
-12
🇫🇷 Varangians · France
1160
-12
Мордочка в кефире
10:10 Feudal Age
10:06 Loom
15:06 Fletching
17:25 Castle Age
19:17 Bodkin Arrow
25:14 Ballistics
24:41 Treadmill Crane
25:12 Masonry
25:29 Stone Mining
26:43 Murder Holes
27:17 Horse Collar
28:49 Double-Bit Axe
29:28 Eupseong
jaishanzaman
10:38 Feudal Age
11:43 Loom
11:56 Double-Bit Axe
20:25 Wheelbarrow
23:09 Castle Age
21:39 Stone Mining
21:35 Horse Collar
24:15 Bow Saw
24:07 Heavy Plow
25:01 Hand Cart
26:02 Town Watch
32:45 Imperial Age
30:16 Town Patrol
30:32 Scale Barding Armor
30:38 Forging
31:46 Chain Barding Armor
31:59 Husbandry
32:19 Masonry
32:45 Iron Casting
32:38 Bloodlines
33:04 Gold Mining
Lt.Col.Sheppard
11:03 Feudal Age
13:02 Loom
14:23 Horse Collar
14:30 Double-Bit Axe
18:47 Castle Age
16:42 Fletching
18:50 Demolition Ship
19:45 Medium Warships
22:36 Fishing Lines
24:04 Bow Saw
23:57 Heavy Plow
24:18 Gillnets
25:37 Wheelbarrow
24:47 Town Watch
26:36 Gold Mining
26:37 Stone Mining
30:57 Imperial Age
29:07 Treadmill Crane
29:31 Murder Holes
31:53 Ballistics
31:32 Bodkin Arrow
31:38 Padded Archer Armor
32:55 Conscription
33:39 Chemistry
33:23 Hand Cart
Birkules
9:44 Feudal Age
14:14 Loom
17:15 Castle Age
15:19 Double-Bit Axe
15:34 Gold Mining
16:21 Stone Mining
17:20 Fletching
17:30 Fishing Lines
18:36 Medium Warships
18:18 Gillnets
22:57 Stone Shaft Mining
27:18 Padded Archer Armor
27:22 Horse Collar
29:33 Bow Saw
32:01 Heavy Plow
35:59 Imperial Age
RicH33
14:11 Feudal Age
12:28 Loom
21:13 Castle Age
19:36 Double-Bit Axe
19:46 Gold Mining
20:31 Horse Collar
22:44 Bow Saw
24:53 Heavy Plow
26:58 Wheelbarrow
Pulse it
12:38 Feudal Age
13:29 Double-Bit Axe
22:02 Castle Age
19:56 Horse Collar
21:10 Scale Mail Armor
21:20 Forging
23:41 Bow Saw
24:35 Heavy Plow
24:40 Squires
26:50 Wheelbarrow
26:01 Loom
26:02 Town Watch
26:10 Gold Mining
29:36 Stone Mining
32:30 Hand Cart
[Tav]AirShogun
3:18 Loom
12:07 Feudal Age
20:25 Castle Age
19:24 Double-Bit Axe
21:43 Fletching
32:14 Wheelbarrow
31:34 Horse Collar
In-Purpura-Veneficus
4:44 Loom
14:16 Feudal Age
19:11 Castle Age
19:56 Fletching
29:24 Wheelbarrow
Connection lost

Rejoining the realm…

Still unreachable

The connection could not be restored.

Session expired

The server has moved on; the page needs a fresh start.